 Dungeon Crawl Stone Soup version 0.29-a0-876-gfc89b1a5bd (webtiles) character file.

Game seed: 8845871950606585901

3136 tilp the Thaumaturge (level 9, -4/65 HPs)
             Began as a Mummy Necromancer on July 19, 2022.
             Was an Initiate of Kikubaaqudgha.
             Slain by a wight
             ... wielding a +0 mace
              (7 damage)
             ... on level 7 of the Dungeon.
             The game lasted 00:13:52 (8358 turns).

tilp the Thaumaturge (Mummy Necromancer)            Turns: 8358, Time: 00:13:53

Health: -4/65      AC:  9    Str: 11    XL:     9   Next: 61%
Magic:  23/23      EV: 12    Int: 21    God:    Kikubaaqudgha [......]
Gold:   329        SH:  0    Dex: 12    Spells: 16/29 levels left

rFire   x . .      SeeInvis .   b - +2 quarterstaff (chaos)
rCold   + . .      Faith    +   (shield currently unavailable)
rNeg    + + +      Spirit   .   d - +0 robe
rPois   ∞          Reflect  .   (no helmet)
rElec   .          Harm     .   v - +2 cloak {Stlth+}
rCorr   .          Rampage  .   (no gloves)
Will    ++...                   (no boots)
Stlth   +++.......              c - amulet of Ehahevom {Faith rN+ Will+ Int+2}
HPRegen 0.20/turn               k - +4 ring of protection
MPRegen 0.18/turn               t - ring of wizardry

@: no status effects
A: cold resistance 1, negative energy resistance 3, torment resistance 2, heat
vulnerability 1, in touch with death 1, no potions
a: Renounce Religion


You were on level 7 of the Dungeon.
You worshipped Kikubaaqudgha.
Kikubaaqudgha was noncommittal.
You visited 2 branches of the dungeon, and saw 8 of its levels.

You collected 329 gold pieces.

Inventory:

Hand Weapons
 a - a +2 quarterstaff of venom
 b - a +2 quarterstaff of chaos (weapon)
Missiles
 n - 6 atropa-tipped darts
 o - 26 poisoned darts (quivered)
 x - 2 throwing nets
 y - a curare-tipped dart
Armour
 d - a +0 robe (worn)
 v - a +2 cloak of stealth (worn)
Jewellery
 c - the amulet of Ehahevom (around neck) {Faith rN+ Will+ Int+2}
   (You acquired it on level 4 of the Dungeon)

   [amulet of faith]

   It allows you to gain divine favour quickly.
   Int:       It affects your intelligence (+2).
   rN:        It protects you from negative energy.
   Will:      It increases your willpower.
 k - a +4 ring of protection (left hand)
 r - an amulet of reflection
 t - a ring of wizardry (right hand)
 z - a +6 ring of dexterity
Wands
 j - a wand of charming (20)
 q - a wand of iceblast (4)
 u - a wand of polymorph (5)
 w - a wand of flame (37)
 A - a wand of light (9)
Scrolls
 e - 2 scrolls of noise
 f - a scroll of teleportation
 g - a scroll of vulnerability
 h - a scroll of magic mapping
 i - 2 scrolls of enchant armour {unknown}
 l - 3 scrolls of poison
 p - a scroll of immolation {unknown}
 s - a scroll of fear {unknown}


   Skills:
 - Level 4.0 Fighting
 - Level 4.0 Staves
 - Level 3.0 Dodging
 - Level 2.0 Stealth
 + Level 10.6 Spellcasting
 - Level 8.0 Necromancy
 - Level 2.0 Evocations


You had 16 spell levels left.
You knew the following spells:

 Your Spells              Type           Power      Damage    Failure   Level
a - Necrotise             Necr           100%       1d9       1%          1
b - Vampiric Draining     Necr           61%        2d10      1%          3
c - Animate Dead          Necr           61%        N/A       1%          4
d - Agony                 Necr           61%        N/A       2%          5

Your spell library contained the following spells:

 Spells                   Type           Power      Damage    Failure   Level
 Gell's Gravitas          Tloc           11%        N/A       8%          3
 Lesser Beckoning         Tloc           11%        N/A       8%          3
 Ozocubu's Armour         Ice            11%        N/A       8%          3
 Teleport Other           Tloc           11%        N/A       8%          3
 Airstrike                Air            5%         0-3+      24%         4
 Summon Lightning Spire   Summ/Air       11%        N/A       24%         4
 Lightning Bolt           Conj/Air       5%         1d17      52%         5
 Ozocubu's Refrigeration  Ice            5%         4d6       100%        7


Dungeon Overview and Level Annotations

Branches:
Dungeon (7/15)             Temple (1/1) D:7

Altars:
Cheibriados
Dithmenos
Fedhas
Gozag
Hepliaklqana
Kikubaaqudgha
Makhleb
Nemelex Xobeh
Okawaru
Ru
Sif Muna
Trog
Uskayaw
Vehumet
Wu Jian
Yredelemnul

Shops:
D:6 (

Annotations:
D:6 3 runed translucent doors, magipi's ghost, novice MiBr


Innate Abilities, Weirdness & Mutations

You are immune to poison.
Your flesh is cold resistant. (rC+)
You are immune to negative energy. (rN+++)
You are immune to unholy pain and torment.
You are vulnerable to heat. (rF-)
You are in touch with the powers of death.
You do not drink.


Message History

The wight is heavily damaged.
The wight hits you with a +0 flail.
You hit the wight.
The wight flickers and vanishes!
Deactivating autopickup; reactivate with Ctrl-A.
Something hits you!
You miss something. The wight barely misses you.
Something hits you but does no damage.
Things that are here:
a +3 trident; a +0 robe You closely miss the wight.
The wight hits you but does no damage. The wight barely misses you.
You hit the wight.
The wight is lightly damaged.
The wight barely misses you.
You closely miss the wight. The wight barely misses you.
You hit the wight.
The wight is lightly damaged.
The wight closely misses you.
You hit the wight. You burn the wight.
The wight is heavily damaged.
The wight misses you.
You barely miss the wight.
The wight is heavily damaged.
The wight barely misses you.
You hit the wight but do no damage.
The wight flickers and vanishes!
Something hits you.
* * * LOW HITPOINT WARNING * * *
You miss something. Something hits you.
* * * LOW HITPOINT WARNING * * *
You hit something. Something hits you.
* * * LOW HITPOINT WARNING * * *
You hit something.
Nothing appears to happen.
Something hits you.
* * * LOW HITPOINT WARNING * * *
You miss something. Something hits you.
* * * LOW HITPOINT WARNING * * *
Something hits you!
* * * LOW HITPOINT WARNING * * *
You closely miss something. Something hits you!
You die...
Kikubaaqudgha rasps: "You have failed me!
Welcome... oblivion!"

#.#..#...##...#.#
#<#.....####..#.#
###......####.#.# #[####....#...#
#)# ##....#..# #)# #.#.....# ..
#.# #.....#.#
###'#'############.# #####.#.#
##............{{@...# #...#
+'............################..#
##............)..(..............#
'............[###################
#.............# #+#####.......#
s.. #.......# ..... #.......#
..... #.......#


There were no monsters in sight!

Vanquished Creatures
  Pikel (D:5)
  Sigmund (D:5)
  Eustachio (D:5)
  Edmund (D:5)
  An orc warrior (D:7)
  2 sky beasts
  An ogre (D:7)
  2 centaurs
  2 kobold brigands (D:6)
  3 necrophages
  A bullfrog (D:7)
  5 scorpions
  2 wights (D:7)
  2 howler monkeys (D:5)
  A gnoll bouda (D:4)
  Crazy Yiuf (D:3)
  A hound (D:5)
  6 orc priests
  Jessica (D:2)
  Ijyb (D:3)
  Terence (D:3)
  7 orc wizards
  4 iguanas
  3 gnolls (D:4)
  11 adders
  A shadow imp (D:5)
  2 dart slugs (D:2)
  15 orcs
  7 ball pythons
  15 bats
  8 endoplasms
  2 giant cockroaches
  11 goblins
  3 hobgoblins
  3 jackals (D:3)
  18 kobolds
  3 quokkas
  4 frilled lizards
  7 rats
161 creatures vanquished.

Vanquished Creatures (collateral kills)
  An orc (D:7)
  A ball python (D:4)
2 creatures vanquished.

Vanquished Creatures (others)
  A gnoll (D:4)
  A gnoll zombie (D:4)
  An endoplasm zombie (D:4)
  4 orc zombies (D:7)
  3 plants (D:6)
10 creatures vanquished.

Grand Total: 173 creatures vanquished

Notes
Turn   | Place    | Note
-------+----------+-------------------------------------------
     0 | D:1      | tilp the Mummy Necromancer began the quest for the Orb.
     0 | D:1      | Reached XP level 1. HP: 13/13 MP: 4/4
   209 | D:1      | Found a faded altar of an unknown god.
   346 | D:1      | Reached XP level 2. HP: 20/20 MP: 3/5
   850 | D:2      | Reached skill level 3 in Spellcasting
   856 | D:2      | Reached skill level 1 in Fighting
   913 | D:2      | Gained mutation: You are in touch with the powers of death.
                  | [Mummy growth]
   913 | D:2      | Reached XP level 3. HP: 22/26 MP: 7/7
   917 | D:2      | Learned a level 3 spell: Vampiric Draining
  1465 | D:2      | Noticed Jessica
  1472 | D:2      | Reached skill level 1 in Staves
  1472 | D:2      | Reached XP level 4. HP: 22/32 MP: 8/8
  1479 | D:2      | Killed Jessica
  1999 | D:2      | Learned a level 4 spell: Animate Dead
  2028 | D:3      | Noticed Terence
  2041 | D:3      | Killed Terence
  2042 | D:3      | Reached XP level 5. HP: 29/38 MP: 7/9
  2119 | D:3      | Noticed Ijyb
  2130 | D:3      | Killed Ijyb
  2131 | D:3      | Reached skill level 5 in Necromancy
  2172 | D:3      | Found a hide-covered altar of Uskayaw.
  2322 | D:3      | Found a bloodstained altar of Trog.
  2666 | D:3      | Found a runed translucent door.
  2667 | D:3      | Noticed Crazy Yiuf
  3564 | D:4      | Reached XP level 6. HP: 44/44 MP: 10/10
  3582 | D:4      | Identified a scroll of acquirement
  3583 | D:4      | Acquired the amulet of Ehahevom {Faith rN+ Will+ Int+2}
  4115 | D:4      | Reached skill level 1 in Evocations
  4348 | D:5      | Entered Level 5 of the Dungeon
  4368 | D:5      | Noticed Eustachio
  4387 | D:5      | Reached XP level 7. HP: 48/51 MP: 10/12
  4396 | D:5      | Killed Eustachio
  4524 | D:5      | Noticed Pikel
  4541 | D:5      | Noticed Edmund
  4551 | D:5      | Killed Pikel
  4552 | D:5      | Reached skill level 4 in Spellcasting
  4552 | D:5      | Reached XP level 8. HP: 40/60 MP: 6/14
  4684 | D:5      | Killed Edmund
  4897 | D:5      | Learned a level 5 spell: Agony
  5425 | D:5      | Noticed Sigmund
  5436 | D:5      | Noticed Blork the orc
  5437 | D:5      | Killed Sigmund
  5438 | D:5      | Reached skill level 5 in Spellcasting
  5451 | D:5      | Reached skill level 6 in Spellcasting
  5847 | D:5      | Noticed Blork
  5847 | D:5      | Blork the orc changed into Blork the howler monkey
  5854 | D:5      | Killed Blork the howler monkey
  6174 | D:3      | Killed Crazy Yiuf
  6310 | D:6      | Reached XP level 9. HP: 63/65 MP: 17/19
  6350 | D:6      | Reached skill level 7 in Spellcasting
  6569 | D:6      | Found Zih Saag's Antique Weapon Boutique.
  6806 | D:6      | Reached skill level 8 in Spellcasting
  7069 | D:6      | Found a runed translucent gate.
  7070 | D:6      | Found a runed translucent gate.
  7071 | D:6      | Found a runed translucent gate.
  7073 | D:6      | Noticed magipi's ghost (novice MiBr)
  7187 | D:6      | Found a shadowy altar of Dithmenos.
  7291 | D:7      | Found a staircase to the Ecumenical Temple.
  7442 | Temple   | Entered the Ecumenical Temple
  7595 | D:7      | Reached skill level 9 in Spellcasting
  8087 | D:7      | Found an ancient bone altar of Kikubaaqudgha.
  8096 | D:7      | Reached skill level 10 in Spellcasting
  8101 | D:7      | Became a worshipper of Kikubaaqudgha
  8357 | D:7      | HP: 3/65 [something (8)]
  8358 | D:7      | Slain by a wight

Illustrated notes

Levels and vault maps discovered:
D:1:      dpeg_arrival_houses_and_road, layout_rooms,
          shapermc_ecumenical_altar_gd
D:2:      layout_loops_ring, minmay_splitting_lines, uniq_jessica
D:3:      layout_loops_ring, mainiacjoe_overflow_boulevard,
          mainiacjoe_overflow_catwalk_spiral, chequers_garden, uniq_terence,
          uniq_ijyb, uniq_crazy_yiuf_cottage
D:4:      layout_basic
D:5:      layout_basic, uniq_eustachio, uniq_sigmund, uniq_blork_the_orc,
          uniq_pikel, uniq_edmund
D:6:      nicolae_cairo_tiling_large, layout_basic, grunt_dithmenos_smoke,
          ebering_ghost_rock_garden, serial_shops, nicolae_shop_crystal,
          roderic_batcave, lexackson_kobold_supper
D:7:      layout_basic, mainiacjoe_overflow_alcove_2, minmay_temple_entry_wispy,
          grunt_ministairs_7
Temple:   jpeg_temple_clearing

Skill      XL: |  1  2  3  4  5  6  7  8  9 |
---------------+----------------------------+-----
Spellcasting   | 3 4 6 10 | 10.6
Fighting       | 1 2 3 4 |  4.0
Staves         | 1 2 3 4 |  4.0
Stealth        | 2 |  2.0
Dodging        | 2 3 |  3.0
Necromancy     | 5 6 8 |  8.0
Evocations     | 1 2 |  2.0

Action                   |  1- 3 |  4- 6 |  7- 9 || total
-------------------------+-------+-------+-------++-------
Melee: Unarmed           |     5 |       |       ||     5
       Quarterstaff      |    48 |   174 |   297 ||   519
Throw: Dart              |       |     8 |    24 ||    32
 Cast: Necrotise         |    24 |     4 |     3 ||    31
       Vampiric Draining |       |     9 |    18 ||    27
       Animate Dead      |       |     1 |     1 ||     2
Evoke: Wand              |       |     2 |     6 ||     8
  Use: Scroll            |     2 |     6 |     6 ||    14
 Stab: Sleeping          |     3 |     6 |     3 ||    12
       Distracted        |       |     1 |       ||     1
Armor: Robe              |     7 |    55 |   144 ||   206
Dodge: Dodged            |    32 |   108 |   240 ||   380

Table legend: (Time is in decaauts)
 A = Elapsed time spent in this place.
 B = Non-inter-level travel time spent in this place.
 C = Inter-level travel time spent in this place.
 D = Time resting spent in this place.
 E = Time spent auto-exploring this place.
 F = Levels seen in this place.
 G = Mean time per level.
                   A        B        C        D        E       F      G
               +--------+--------+--------+--------+--------+-----+--------+
         Total |   8437 |   8005 |    432 |    935 |   5531 |   8 | 1054.6 |
       Dungeon |   8346 |   7932 |    414 |    935 |   5472 |   7 | 1192.3 |
        Temple |     90 |     72 |     18 |      0 |     59 |   1 |   90.0 |
               +--------+--------+--------+--------+--------+-----+--------+

Top non-repeatable levels by time:
     D:5: 1780 daAuts
     D:4: 1298 daAuts
     D:3: 1238 daAuts
     D:2: 1211 daAuts
     D:7: 1011 daAuts
     D:6: 979 daAuts
     D:1: 826 daAuts
  Temple: 90 daAuts
